Map: Ulrena

Players

zidar - Winner!

  • Race: Zerg Zerg
  • League: Gold
  • Spawn Location: 11:00

Gafur

  • Race: Protoss Protoss
  • League: Silver
  • Spawn Location: 7:00

VOD

Have the link to the VOD?

Description

Time

  • Played on: June 9, 2016, 11:39 a.m.
  • Length: 15:20
Show
View Real Time Build Order
Export as new Build Order

zidar Zerg - Winner!

Build Orders: Hatch First 

Get SALT Encoding   

  12  0:01  Drone  
  13  0:12  Overlord  
  13  0:17  Drone  
  14  0:32  Drone  
  15  0:36  Extractor, Drone  
  15  0:47  Drone  
  17  0:59  Hatchery  
  16  1:08  Drone  
  17  1:13  Extractor, Drone  
  17  1:22  Drone  
  18  1:28  Spawning Pool  
  16  1:40  Drone  
  16  1:46  Drone  
  18  1:54  Overlord  
  18  2:09  Hatchery  
  17  2:19  Queen  
  19  2:31  Drone  
  20  2:39  Queen  
  22  2:49  Overlord  
  22  2:51  Drone  
  23  3:10  Metabolic Boost  
  23  3:15  Pneumatized Carapace  
  23  3:16  Drone x4  
  27  3:29  Drone x4  
  31  3:52  Roach Warren  
  31  4:17  Zergling x14  
  31  4:18  Zergling x2  
  31  4:19  Zergling x6  
  31  4:20  Zergling x2  
  42  4:29  Lair  
  42  4:32  Extractor  
  42  4:38  Queen, Extractor  
  40  4:39  Extractor  
  40  4:45  Drone  
  42  4:47  Overlord  
  42  4:48  Overlord x4  
  31  5:25  Roach  
  31  5:26  Roach x6, Zergling x10  
  50  5:38  Drone  
  50  5:40  Drone  
  52  5:47  Drone x3  
  55  5:56  Drone x3  
  58  5:58  Drone  
  51  6:19  Roach x3, Zergling x2  
  51  6:20  Zergling x14  
  65  6:34  Drone  
  65  6:35  Drone x6  
  72  6:42  Ravager  
  72  6:44  Ravager  
  74  6:59  Hydralisk Den  
  73  7:04  Evolution Chamber  
  73  7:05  Evolution Chamber  
  72  7:08  Ravager  
  55  7:33  Roach x8  
  55  7:34  Zergling x20  
  55  7:36  Ravager  
  80  8:11  Drone  
  81  8:14  Zerg Missile Weapons Level 1  
  81  8:15  Zerg Melee Weapons Level 1  
  81  8:25  Overlord x2  
  81  8:26  Overlord x2  
  81  8:27  Overlord x2  
  73  8:57  Hydralisk  
  73  8:58  Hydralisk x11  
  73  9:02  Ravager  
  98  9:10  Queen  
  100  9:20  Drone x2  
  102  9:30  Drone x4  
  92  9:56  Drone x3  
  95  10:05  Spore Crawler  
  94  10:08  Zergling x2  
  94  10:09  Zergling x14, Hydralisk x3  
  108  10:15  Zerg Missile Weapons Level 2  
  108  10:23  Muscular Augments  
  55  11:04  Hydralisk x7  
  49  11:05  Zergling x14  
  49  11:06  Zergling x2  
  71  11:35  Zergling x2  
  71  11:36  Zergling x2, Hydralisk x6  
  85  11:42  Drone x3  
  85  11:45  Drone  
  89  11:47  Zerg Ground Armor Level 1  
  74  12:17  Hydralisk x3  
  74  12:18  Hydralisk x3  
  74  12:19  Zergling x10  
  91  12:29  Drone x2  
  93  12:38  Queen  
  95  12:46  Zergling x8  
  95  12:47  Hydralisk x4  
  107  12:53  Zerg Melee Weapons Level 2  
  107  12:56  Drone  
  108  13:05  Zergling x2  
  108  13:06  Zergling x12  
  115  13:20  Infestation Pit  
  114  13:41  Hydralisk  
  114  13:42  Hydralisk x7  
  130  14:52  Overlord x2  
  130  14:53  Overlord x3  
Show
View Real Time Build Order
Export as new Build Order

Gafur Protoss 

Build Orders:  

Get SALT Encoding   

  12  0:01  Probe (Chrono Boost)  
  13  0:12  Probe (Chrono Boost)  
  14  0:19  Pylon  
  14  0:23  Probe (Chrono Boost)  
  15  0:38  Probe (Chrono Boost)  
  16  0:43  Gateway  
  16  0:48  Probe (Chrono Boost)  
  17  0:56  Assimilator  
  17  1:01  Probe (Chrono Boost)  
  18  1:12  Probe (Chrono Boost)  
  19  1:22  Probe (Chrono Boost)  
  20  1:31  Zealot  
  22  1:33  Probe (Chrono Boost)  
  22  1:39  Cybernetics Core  
  23  1:48  Pylon  
  23  2:07  Probe (Chrono Boost)  
  24  2:10  Nexus  
  24  2:18  Mothership Core (Chrono Boost)  
  26  2:24  Stalker  
  28  2:36  Probe (Chrono Boost)  
  29  2:39  Gateway  
  29  2:45  Assimilator  
  29  2:46  Probe (Chrono Boost)  
  30  2:53  Pylon  
  30  2:54  Pylon  
  30  2:58  Warp Gate (Chrono Boost)  
  30  3:11  Zealot  
  32  3:19  Probe (Chrono Boost)  
  33  3:20  Twilight Council  
  33  3:28  Probe (Chrono Boost)  
  34  3:37  Probe  
  34  3:38  Zealot  
  37  3:47  Probe  
  37  3:54  Zealot  
  40  3:57  Gateway  
  40  3:59  Charge (Chrono Boost)  
  40  4:07  Probe  
  41  4:19  Probe  
  42  4:29  Adept, Pylon  
  42  4:30  Stalker  
  42  4:31  Probe  
  47  4:43  Probe  
  48  4:50  Robotics Facility  
  48  4:55  Probe  
  49  5:07  Probe  
  42  5:39  Forge  
  42  5:40  Forge  
  42  5:44  Observer  
  42  5:46  Zealot  
  42  5:47  Zealot x2, Pylon  
  49  5:50  Pylon  
  49  5:53  Pylon  
  49  5:57  Probe  
  49  6:03  Assimilator  
  48  6:04  Warp Prism  
  48  6:06  Assimilator  
  48  6:09  Probe  
  47  6:15  Zealot, Stalker  
  47  6:16  Stalker  
  51  6:21  Probe  
  51  6:22  Photon Cannon  
  51  6:25  Photon Cannon  
  52  6:27  Photon Cannon  
  52  6:33  Probe  
  52  6:37  Protoss Ground Weapons Level 1 (Chrono Boost), Protoss Ground Armor Level 1 (Chrono Boost)  
  53  6:41  Observer  
  53  6:42  Stalker  
  53  6:43  Stalker x2  
  53  6:45  Probe  
  61  6:57  Probe  
  62  7:09  Probe  
  61  7:21  Probe  
  49  7:34  Zealot x3  
  55  7:45  Blink  
  55  7:50  Pylon  
  55  7:53  Pylon  
  55  8:02  Stalker x2  
  55  8:03  Stalker  
  61  8:11  Gateway  
  61  8:12  Gateway  
  61  8:16  Gateway  
  61  8:17  Gateway  
  61  8:18  Protoss Shields Level 1 (Chrono Boost)  
  61  8:19  Gateway  
  61  8:26  Zealot x2  
  65  8:27  Zealot  
  67  9:01  Stalker x3  
  73  9:26  Nexus  
  73  9:31  Zealot x5  
  77  9:32  Zealot x3  
  67  10:12  Robotics Facility  
  67  10:13  Robotics Facility  
  67  10:21  Protoss Ground Weapons Level 2 (Chrono Boost), Protoss Ground Armor Level 2 (Chrono Boost)  
  67  10:22  Probe  
  67  10:26  Robotics Bay, Pylon  
  67  10:28  Pylon  
  68  10:34  Probe  
  65  10:39  Zealot x4  
  65  10:40  Zealot x4  
  75  10:46  Probe  
  62  11:01  Immortal x2  
  68  11:18  Pylon  
  68  11:20  Pylon  
  68  11:22  Pylon  
  68  11:39  Zealot x5  
  78  11:40  Immortal, Zealot x2  
  78  11:45  Photon Cannon  
  78  11:46  Photon Cannon  
  86  11:49  Photon Cannon  
  86  11:51  Disruptor  
  80  12:12  Mothership Core  
  78  12:22  Disruptor x2  
  84  12:33  Probe  
  85  12:44  Probe  
  86  12:54  Probe  
  86  12:55  Templar Archives  
  87  13:05  Probe  
  88  13:15  Probe  
  89  13:25  Nexus  
  89  13:33  Psionic Storm  
  89  13:37  High Templar x3  
  89  13:38  Photon Cannon  
  89  13:40  High Templar  
  97  13:48  Assimilator  
  97  13:51  Assimilator  
  97  14:05  Assimilator  
  77  14:36  Archon  
  77  14:38  Archon  
Tags
 
Matchup
PvZ
Spawn Locations
Close Positions
Add a new tag
Caveats
  • Supply blocks, unpowered buildings, or Contaminate may cause inaccurate times.
  • Supply counts are checked every 10 seconds.